 Dungeon Crawl Stone Soup version 0.31-a0-590-g8a5a4361df (webtiles) character file.

Game seed: 4002594917811395649

25 zazu2006 the Cutter (level 3, 0/35 HPs)
             Began as a Gnoll Wanderer on Aug 19, 2023.
             Slain by a +2 spectral club (9 damage)
             ... created by Jessica
             ... on level 2 of the Dungeon.
             The game lasted 00:02:09 (730 turns).

zazu2006 the Cutter (Gnoll Wanderer)                 Turns: 730, Time: 00:02:10

Health: 0/35       AC:  4    Str: 15    XL:     3   Next: 6%
Magic:  6/6        EV: 16    Int:  9    God:
Gold:   25         SH:  0    Dex: 11    Spells: 3/3 levels left

rFire   . . .        a - +1 rapier
rCold   . . .        (no shield)
rNeg    . . .        d - +0 leather armour
rPois   .            (no helmet)
rElec   .            g - +0 cloak
rCorr   .            (no gloves)
SInv    .            (no boots)
Will    .....        (no amulet)
Stlth   +            i - ring of wizardry
HPRegen 0.25/turn    k - +5 ring of evasion
MPRegen 0.10/turn

%: wizardry (x1)
@: no status effects
A: fangs 1, strong nose, distributed training
a: no special abilities


You were on level 2 of the Dungeon.
You visited 1 branch of the dungeon, and saw 2 of its levels.

You collected 25 gold pieces.

Inventory:

Hand Weapons
 a - a +1 rapier (weapon)
 b - a +0 hand axe
Armour
 d - a +0 leather armour (worn)
 g - a +0 cloak (worn)
Jewellery
 i - a ring of wizardry (left hand)
 k - a +5 ring of evasion (right hand)
Scrolls
 e - a scroll of blinking {unknown}
 f - a scroll of immolation {unknown}
 h - a scroll of torment {unknown}
 j - a scroll of enchant armour {unknown}
Potions
 c - a potion of mutation


   Skills:
 + Level 6.5 Fighting
 + Level 6.5 Short Blades
 + Level 0.6 Long Blades
 + Level 4.5 Axes
 + Level 0.6 Maces & Flails
 + Level 0.6 Polearms
 + Level 0.6 Staves
 + Level 0.6 Ranged Weapons
 + Level 0.6 Throwing
 + Level 0.6 Armour
 + Level 0.6 Dodging
 + Level 0.6 Stealth
 + Level 0.6 Shields
 + Level 0.6 Unarmed Combat
 + Level 0.6 Spellcasting
 + Level 0.4 Conjurations
 + Level 0.4 Hexes
 + Level 0.4 Summonings
 + Level 0.4 Necromancy
 + Level 0.4 Translocations
 + Level 0.4 Transmutations
 + Level 0.4 Fire Magic
 + Level 0.4 Ice Magic
 + Level 0.4 Air Magic
 + Level 0.4 Earth Magic
 + Level 0.4 Poison Magic
 + Level 4.5 Invocations
 + Level 0.6 Evocations
 + Level 0.4 Shapeshifting


You had 3 spell levels left.
You didn't know any spells.
Your spell library contained the following spells:

 Spells                   Type           Power      Damage    Failure   Level
 Portal Projectile        Hex/Tloc       2%         N/A       41%         3
 Tukima's Dance           Hex            1%         N/A       41%         3
 Iskenderun's Mystic Bla  Conj/Tloc      1%         2d3       80%         4


Dungeon Overview and Level Annotations

Branches:
Dungeon (2/15)

Altars:

Annotations:
D:2 Jessica


Innate Abilities, Weirdness & Mutations

You have very sharp teeth.
Your uncanny sense of smell can sniff out nearby items.
Your experience applies equally to all skills.


Message History

A kobold comes into view. It is wielding a +0 short sword.
A kobold is nearby!
Jessica the Apprentice Sorceress comes into view.
She is wielding a +2 spectral club.
There is a stone staircase leading down here.
Jessica shouts!
The kobold throws a stone.
The stone closely misses you.
The kobold throws a stone.
The stone misses you.
Jessica shouts, "You're disturbing me!
I'll have to kill you!"
Jessica casts a spell.
Jessica seems to speed up.
The kobold barely misses you.
You barely miss Jessica.
Jessica casts a spell.
Jessica blinks!
You hit the kobold. You punch the kobold.
The kobold is severely wounded.
The kobold closely misses you.
Jessica gestures wildly while chanting.
Jessica blinks!
You closely miss the kobold.
The kobold is severely wounded.
The kobold hits you with a +0 short sword.
You closely miss the kobold.
The kobold is severely wounded.
The kobold misses you. Jessica completely misses you.
The +2 spectral club hits you but does no damage.
A +2 spectral club comes into view.
You hit Jessica but do no damage. You bite Jessica.
Jessica is lightly wounded.
The +2 spectral club completely misses you.
The +2 spectral club hits you. Jessica gestures at you while chanting.
Pain shoots through your body!
The kobold hits you with a +0 short sword.
You hit the kobold.
You kill the kobold!
The +2 spectral club hits you. The +2 spectral club hits you!
* * * LOW HITPOINT WARNING * * *
The +2 spectral club disappears.
Jessica closely misses you. The +2 spectral club hits you!
You die...

####.. #..... #....#
#....# #....# #....#
#### . +...)## #.. .
. #...@@###.###...
#...(...#.......#
.....#....>..#.###.#
#### #.#####.#...#.#
#. #........#.# #.
#.##.....#.# #. #
#......#.# #.
.######.#.##### ∆
...............


You could see a +2 spectral club (wandering) and Jessica (fast).

Vanquished Creatures
  5 ball pythons (D:1)
  2 endoplasms (D:1)
  2 giant cockroaches (D:1)
  2 goblins (D:1)
  4 hobgoblins (D:1)
  A kobold (D:2)
  A quokka (D:1)
  2 bats (D:1)
  2 frilled lizards (D:1)
  4 rats (D:1)
25 creatures vanquished.

Notes
Turn   | Place    | Note
-------+----------+-------------------------------------------
     0 | D:1      | zazu2006 the Gnoll Wanderer began the quest for the Orb.
     0 | D:1      | zazu2006 set off with the following items: a +1 rapier, a
                  | +0 hand axe, a potion of mutation, a +0 leather armour.
     0 | D:1      | Reached XP level 1. HP: 23/23 MP: 3/3
    65 | D:1      | Reached XP level 2. HP: 27/29 MP: 5/5
   555 | D:1      | Reached XP level 3. HP: 32/35 MP: 6/6
   720 | D:2      | Noticed Jessica
   730 | D:2      | Slain by a +2 spectral club

Illustrated notes

Levels and vault maps discovered:
D:1:      scummos_arrival_star, layout_loops_ring
D:2:      layout_basic, serial_glass, glass_columns_b, glass_columns_a,
          basic_altar, kennysheep_flooded_box, uniq_jessica

Action                     || total
---------------------------++-------
  Melee: Rapier            ||    68
         Bite              ||     9
         Punch             ||     2
   Stab: Sleeping          ||     1
 Armour: Leather armour    ||    14
  Dodge: Dodged            ||    42

Table legend: (Time is in decaauts)
 A = Elapsed time spent in this place.
 B = Non-inter-level travel time spent in this place.
 C = Inter-level travel time spent in this place.
 D = Time resting spent in this place.
 E = Time spent auto-exploring this place.
 F = Levels seen in this place.
 G = Mean time per level.
                   A        B        C        D        E       F      G
               +--------+--------+--------+--------+--------+-----+--------+
         Total |    720 |    690 |     30 |      0 |    514 |   2 |  360.0 |
       Dungeon |    720 |    690 |     30 |      0 |    514 |   2 |  360.0 |
               +--------+--------+--------+--------+--------+-----+--------+

Top non-repeatable levels by time:
     D:1: 698 daAuts
     D:2: 21 daAuts
